 Dungeon Sprint DCSS version 0.26-a0-649-gf8c6c3aab7 (webtiles) character file.

Game seed: 1942936912693371838

107 sahdkjhfkaj the Frost Mage (level 4, -4/18 HPs)
             Began as a Felid Ice Elementalist on Sept 27, 2020.
             Killed from afar by an orc wizard (12 damage)
             ... with a puff of flame
             ... in the Dungeon (Sprint IX: "|||||||||||||||||||||||||||||").
             The game lasted 00:01:18 (226 turns).

sahdkjhfkaj the Frost Mage (Felid Ice Elementalist)  Turns: 226, Time: 00:01:18

Health: -4/18      AC:  1    Str:  4    XL:     4   Next: 57%
Magic:  1/8        EV: 18    Int: 17    God:
Gold:   0          SH:  0    Dex: 16    Spells: 3/7 levels left
                                        Lives:  0   Deaths: 1

rFire    . . .     SeeInvis +   (weapon unavailable)
rCold    . . .     Faith    .   (shield unavailable)
rNeg     . . .     Spirit   .   (armour unavailable)
rPois    .         Reflect  .   (helmet unavailable)
rElec    .         Harm     .   (cloak unavailable)
rCorr    .         Rampage  .   (gloves unavailable)
MR       .....     NoTele   +   (boots unavailable)
Stlth    +++.......             (no amulet)
HPRegen  0.06/turn              (no ring)
MPRegen  0.11/turn              (no ring)

@: quick
A: very small, no armour, no weapons or thrown items, stealth, claws 1, fangs 3,
see invisible, speed 1, shaggy fur 1, sharp paws
a: no special abilities


You were in the Dungeon.
You visited 1 branch

Inventory:

Scrolls
 g - a scroll of blinking
Potions
 d - a potion of haste
 e - a potion of magic


   Skills:
 - Level 2.6 Dodging
 - Level 2.6 Stealth
 - Level 2.0 Spellcasting
 + Level 10.2 Ice Magic


You had 3 spell levels left.
You knew the following spells:

 Your Spells              Type           Power        Failure   Level
a - Freeze                Ice            ####         1%          1
b - Frozen Ramparts       Ice            #####.       1%          3

Your spell library contained the following spells:

 Spells                   Type           Power        Failure   Level
 Ozocubu's Armour         Ice            #####...     1%          3
 Hailstorm                Conj/Ice       ###.....     24%         4
 Summon Ice Beast         Ice/Summ       ###.....     24%         4


Dungeon Overview and Level Annotations

Branches:
Dungeon (1/1)

Altars:


Innate Abilities, Weirdness & Mutations

You cannot wear armour.
You are incapable of wielding weapons or throwing items.
Your paws allow you to move quietly. (Stealth)
You have sharp claws.
You have razor-sharp teeth.
You have supernaturally acute eyesight. (SInv)
You cover ground quickly.
You are covered in fur. (AC +1)
Your sharp claws are effective at attacking unaware monsters.


Message History

Confirm with . or Enter, or press ? or * to list all spells.
You don't have enough magic to cast that spell.
Unknown command.
The wall freezes the orc.
You kill the orc!
There is an open door to the Orcish Mines here.
You see here a +0 flail.
You see here a +0 club.
You close the door, pushing everything out of the way.
Things that are here:
a +0 flail; a +0 club You start resting.
The frozen ramparts melt away.
An orc wizard opens the door.
Things that are here:
a +0 dagger; a +0 robe The orc wizard casts a spell at you.
The puff of flame hits you.
The orc wizard gestures at you while chanting.
The puff of flame hits you!
Ouch! That really hurt!
You die...

+..Z..)...ZZo†..<▓
▓▓▓▓▓▓▓▓▓▓▓▓▓▓▓▓▓▓
▓▓▓▓▓▓▓▓▓▓▓▓▓▓▓▓▓▓▓▓▓
..$$$.)$'o.o.@.......
▓▓▓▓▓▓▓▓▓▓▓▓▓▓▓▓▓▓▓▓▓


You could see an orc wizard (fast) and an orc.

Vanquished Creatures
  An ogre (D)
  An orc priest (D)
  An orc wizard (D)
  An ooze (D)
  A dart slug (D)
  5 orcs (D)
  A bat (D)
  A kobold (D)
  A rat (D)
13 creatures vanquished.

Notes
Turn   | Place    | Note
-------+----------+-------------------------------------------
     0 | D        | sahdkjhfkaj the Felid Ice Elementalist began the quest for
                  | the Orb.
     0 | D        | Reached XP level 1. HP: 7/7 MP: 4/4
     7 | D        | Reached skill level 4 in Ice Magic
    10 | D        | Reached skill level 5 in Ice Magic
    11 | D        | Reached XP level 2. HP: 11/11 MP: 0/6
    90 | D        | Noticed an ogre
   197 | D        | Killed an ogre
   197 | D        | Reached skill level 8 in Ice Magic
   197 | D        | Reached XP level 3. HP: 14/14 MP: 5/7
   197 | D        | Reached XP level 4. HP: 18/18 MP: 5/8
   199 | D        | Killed from afar by an orc wizard
   200 | D        | Reached XP level 3. HP: -3/14 MP: 4/7
   204 | D        | Learned a level 3 spell: Frozen Ramparts
   212 | D        | Reached skill level 9 in Ice Magic
   212 | D        | Reached XP level 4. HP: 14/18 MP: 3/8
   213 | D        | Reached skill level 10 in Ice Magic
   226 | D        | Killed from afar by an orc wizard

Illustrated notes

Levels and vault maps discovered:
D:        linesprint [early_d, line_temple, items_1, d_10, items_2, lair_1,
          lair_end, items_3, orc_1, orc_end, items_4, d_15, swamp_1, shoals_1,
          snake_1, spider_1, d_20, vaults_1, items_5, swamp_end, shoals_end,
          snake_end, spider_end, vaults_end, d_27, items_6, zot_1, zot_end,
          crypt_end, forest_end, elf_end, slime_end, tomb_end, abyss_end,
          pan_hell_end]

Skill      XL: |  1  2  3  4 |
---------------+-------------+-----
Ice Magic      | 5 8 9 10 | 10.2
Dodging        | |  2.6
Stealth        | |  2.6
Spellcasting   | |  2.0

Action                   |  1- 3 |  4- 6 || total
-------------------------+-------+-------++-------
Melee: Unarmed           |    11 |       ||    11
       Bite              |     1 |       ||     1
 Cast: Freeze            |    13 |     7 ||    20
       Frozen Ramparts   |     1 |       ||     1
  Use: Potion            |     4 |       ||     4
Armor: Skin              |     2 |       ||     2
Dodge: Dodged            |    26 |     2 ||    28

Table legend: (Time is in decaauts)
 A = Elapsed time spent in this place.
 B = Non-inter-level travel time spent in this place.
 C = Inter-level travel time spent in this place.
 D = Time resting spent in this place.
 E = Time spent auto-exploring this place.
 F = Levels seen in this place.
 G = Mean time per level.
                   A        B        C        D        E       F      G
               +--------+--------+--------+--------+--------+-----+--------+
         Total |    235 |    235 |      0 |     87 |      2 |   1 |  235.0 |
       Dungeon |    235 |    235 |      0 |     87 |      2 |   1 |  235.0 |
               +--------+--------+--------+--------+--------+-----+--------+

Top non-repeatable levels by time:
       D: 235 daAuts
